 Dungeon Crawl Stone Soup version 0.30-a0-634-g8abc85282e (webtiles) character file.

Game seed: 8778799590790712153

298 Persephone the Skirmisher (level 6, -2/50 HPs)
             Began as a Minotaur Hunter on Jan 6, 2023.
             Slain by a gnoll
             ... wielding a +0 spear
              (7 damage)
             ... on level 4 of the Dungeon on Jan 14, 2023.
             The game lasted 00:07:49 (2806 turns).

Persephone the Skirmisher (Minotaur Hunter)         Turns: 2806, Time: 00:07:50

Health: -2/50      AC:  5    Str: 16    XL:     6   Next: 13%
Magic:  5/5        EV: 12    Int:  6    God:
Gold:   156        SH:  0    Dex: 15    Spells: 5/5 levels left

rFire   . . .      SeeInvis .    a - +0 shortbow
rCold   . . .      Faith    .    (shield currently unavailable)
rNeg    . . .      Spirit   .    g - +2 leather armour {rPois}
rPois   +          Reflect  .    (helmet restricted)
rElec   .          Harm     .    (no cloak)
rCorr   .          Rampage  .    (no gloves)
Will    .....                    (no boots)
Stlth   +                        (no amulet)
HPRegen 0.28/turn                (no ring)
MPRegen 0.09/turn                (no ring)

@: no status effects
A: horns 2, retaliatory headbutt
a: no special abilities


You were on level 4 of the Dungeon.
You visited 1 branch of the dungeon, and saw 4 of its levels.

You collected 156 gold pieces.

Inventory:

Hand Weapons
 a - a +0 shortbow (weapon)
Armour
 c - a +0 leather armour
 g - a +2 leather armour of poison resistance (worn)
 l - a +0 buckler
Jewellery
 m - a ring of ice
Wands
 n - a wand of roots (5)
Scrolls
 b - a scroll of immolation
 e - 2 scrolls of enchant armour {unknown}
 j - 8 scrolls of identify {unknown}
 k - 3 scrolls of fog {unknown}
Potions
 d - a potion of brilliance {unknown}
 f - a potion of magic
 h - a potion of resistance {unknown}
 o - a potion of cancellation {unknown}
 p - a potion of attraction {unknown}


   Skills:
 - Level 2.4 Fighting
 + Level 8.2 Ranged Weapons
 - Level 2.1 Dodging
 - Level 0.7 Stealth


You had 5 spell levels left.
You didn't know any spells.
Your spell library contained the following spells:

 Spells                   Type           Power      Damage    Failure   Level
 Shock                    Conj/Air       0%         1d3       52%         1
 Swiftness                Air            0%         N/A       88%         3
 Airstrike                Air            0%         2d(0-16)  99%         4


Dungeon Overview and Level Annotations

Branches:
Dungeon (4/15)
 Temple: D:4-7

Altars:
Makhleb

Shops:
D:2 (


Innate Abilities, Weirdness & Mutations

You have a pair of horns on your head.
You reflexively headbutt those who attack you in melee.


Message History

Press: ? - help, Shift-Dir - straight line, f/p - gnoll
Aim: a gnoll, wielding a +0 halberd (moderately wounded, 68% to hit)
You shoot an arrow. The arrow closely misses the gnoll.
The arrow barely misses the hobgoblin.
The gnoll hits you from afar with a +0 spear.
* * * LOW HITPOINT WARNING * * *
The gnoll hits you from afar with a +0 halberd.
* * * LOW HITPOINT WARNING * * *
Unknown command.
Unknown command.
Fire: a) +0 shortbow
Press: ? - help, Shift-Dir - straight line, f - gnoll
Aim: a gnoll, wielding a +0 spear (68% to hit)
You shoot an arrow. The arrow hits the gnoll.
The gnoll is lightly wounded.
The gnoll barely misses you.
Fire: a) +0 shortbow
Press: ? - help, Shift-Dir - straight line, f/p - gnoll
Aim: a gnoll, wielding a +0 spear (lightly wounded, 68% to hit)
You shoot an arrow. The arrow hits the gnoll.
The gnoll is moderately wounded.
The gnoll hits you from afar with a +0 spear!
* * * LOW HITPOINT WARNING * * *
You feel better. The gnoll barely misses you.
Fire: a) +0 shortbow
Press: ? - help, Shift-Dir - straight line, f/p - gnoll
Aim: a gnoll, wielding a +0 spear (moderately wounded, 68% to hit)
You shoot an arrow. The arrow hits the gnoll.
The gnoll is heavily wounded.
The gnoll closely misses you.
Fire: a) +0 shortbow
Press: ? - help, Shift-Dir - straight line, f/p - gnoll
Aim: a gnoll, wielding a +0 spear (heavily wounded, 68% to hit)
You shoot an arrow. The arrow hits the gnoll.
The gnoll is severely wounded.
The gnoll hits you from afar with a +0 spear.
* * * LOW HITPOINT WARNING * * *
It was a potion of magic.
Magic courses through your body.
The gnoll hits you from afar with a +0 spear!
You die...

..###########.# #.#
..ggg......##.## #.#
####g.......#####
#.#
#g##.........#####.#
#.##.#.....#.......#
#g##.##.#.....######
#.##.........(#
#g#####.##...##
#..@....######
#########


You could see a gnoll.

Vanquished Creatures
  Sigmund (D:2)
  2 gnolls (D:4)
  5 adders
  A worm (D:3)
  An orc (D:4)
  10 endoplasms
  6 giant cockroaches
  3 goblins (D:1)
  10 hobgoblins
  7 jackals
  2 quokkas (D:1)
  7 ball pythons
  4 bats
  3 frilled lizards
  6 kobolds
  8 rats
76 creatures vanquished.

Notes
Turn   | Place    | Note
-------+----------+-------------------------------------------
     0 | D:1      | Persephone the Minotaur Hunter began the quest for the Orb.
     0 | D:1      | Reached XP level 1. HP: 18/18 MP: 0/0
   206 | D:1      | Reached XP level 2. HP: 18/25 MP: 1/1
   263 | D:1      | Reached skill level 5 in Ranged Weapons
   412 | D:1      | Upgraded the game from 0.30-a0-596-g0af90f9a20 to
                  | 0.30-a0-634-g8abc85282e
   688 | D:1      | You fall into a shaft and drop 1 floor!
   725 | D:2      | Noticed Sigmund
   757 | D:2      | Reached XP level 3. HP: 24/30 MP: 2/2
   930 | D:2      | Reached skill level 6 in Ranged Weapons
  1223 | D:1      | Reached XP level 4. HP: 37/37 MP: 3/3
  1565 | D:2      | Killed Sigmund
  1566 | D:2      | Reached skill level 7 in Ranged Weapons
  1566 | D:2      | Reached XP level 5. HP: 22/42 MP: 4/4
  1709 | D:2      | Found Ceota's Weapon Boutique.
  2463 | D:3      | Reached skill level 8 in Ranged Weapons
  2477 | D:3      | Reached XP level 6. HP: 50/50 MP: 5/5
  2608 | D:3      | Found a burning altar of Makhleb.
  2610 | D:3      | Noticed a balrug
  2802 | D:4      | HP: 1/50 [gnoll/+0 spear (8)]
  2806 | D:4      | Slain by a gnoll

Illustrated notes

Levels and vault maps discovered:
D:1:      minmay_arrival_pointy, layout_basic,
          hangedman_abyss_or_decor_lesser_grid
D:2:      minmay_skewed_foursquare, layout_loops_ring, serial_shops,
          nicolae_shop_bloodbath_and_beyond, uniq_sigmund
D:3:      layout_loops_ring, makhleb_altar_promises_db, grunt_ministairs_13,
          minmay_hedge_maze, corexii_hall_statues_x
D:4:      layout_loops_corners, dk_noncrumbling_4, uniq_eustachio, uniq_grinder

Skill      XL: |  1  2  3  4  5 |
---------------+----------------+-----
Ranged Weapons | 5 6 7 8 |  8.2
Fighting       | |  2.4
Dodging        | |  2.1
Stealth        | |  0.7

Action                   |  1- 3 |  4- 6 || total
-------------------------+-------+-------++-------
 Fire: Shortbow          |   114 |   114 ||   228
  Use: Scroll            |     1 |       ||     1
       Potion            |       |     2 ||     2
Armor: Leather armour    |    13 |     5 ||    18
Dodge: Dodged            |    33 |    33 ||    66

Table legend: (Time is in decaauts)
 A = Elapsed time spent in this place.
 B = Non-inter-level travel time spent in this place.
 C = Inter-level travel time spent in this place.
 D = Time resting spent in this place.
 E = Time spent auto-exploring this place.
 F = Levels seen in this place.
 G = Mean time per level.
                   A        B        C        D        E       F      G
               +--------+--------+--------+--------+--------+-----+--------+
         Total |   2854 |   2745 |    109 |      0 |   2306 |   4 |  713.5 |
       Dungeon |   2854 |   2745 |    109 |      0 |   2306 |   4 |  713.5 |
               +--------+--------+--------+--------+--------+-----+--------+

Top non-repeatable levels by time:
     D:1: 1139 daAuts
     D:2: 979 daAuts
     D:3: 638 daAuts
     D:4: 97 daAuts
